Map: Acid Plant LE

Players

RenamOn

  • Race: Zerg Zerg
  • League: Diamond
  • Spawn Location: 5:00

PureIndica - Winner!

  • Race: Protoss Protoss
  • League: Master
  • Spawn Location: 11:00

VOD

Have the link to the VOD?

Description

Time

  • Played on: June 23, 2018, 6:50 p.m.
  • Length: 18:36
Show
View Real Time Build Order
Export as new Build Order

RenamOn Zerg 

Build Orders: Pool First, Lurkers, Ravager All-In 

Get SALT Encoding   

  12  0:00  Drone  
  13  0:12  Overlord  
  13  0:17  Drone  
  14  0:26  Drone, Extractor  
  14  0:32  Drone  
  15  0:35  Drone  
  16  0:52  Spawning Pool, Drone  
  16  0:59  Drone  
  17  1:14  Drone  
  18  1:30  Overlord, Drone  
  19  1:38  Queen, Metabolic Boost  
  21  1:40  Zergling x2  
  22  1:50  Zergling x2  
  23  2:02  Zergling x2  
  24  2:12  Drone  
  24  2:14  Queen, Roach Warren  
  26  2:27  Extractor  
  25  2:30  Hatchery  
  25  2:34  Drone  
  25  2:37  Drone  
  26  2:58  Overlord x2  
  25  3:06  Roach x2  
  29  3:21  Roach x3  
  35  3:30  Roach x2  
  39  3:34  Drone  
  41  3:41  Ravager  
  41  3:44  Drone x2  
  43  3:50  Ravager  
  45  3:55  Drone x2  
  45  3:56  Drone  
  47  4:12  Roach x2  
  47  4:15  Overlord  
  51  4:18  Overlord  
  51  4:29  Spore Crawler  
  51  4:31  Spore Crawler, Drone  
  46  4:35  Ravager  
  45  4:39  Ravager  
  45  4:43  Ravager  
  45  4:54  Roach x2  
  45  4:55  Drone x3  
  45  4:56  Drone  
  53  5:02  Drone x2  
  51  5:13  Drone x3  
  54  5:14  Drone  
  54  5:16  Spore Crawler  
  54  5:24  Drone x3  
  57  5:30  Spore Crawler  
  57  5:32  Queen  
  57  5:35  Drone x2  
  60  5:42  Lair  
  60  5:43  Drone  
  60  5:48  Zergling x2  
  60  5:49  Overlord  
  61  6:00  Overlord  
  61  6:04  Extractor  
  60  6:09  Hatchery  
  59  6:13  Drone x2  
  59  6:14  Drone  
  59  6:17  Drone x3  
  66  6:18  Drone x2  
  66  6:19  Drone  
  66  6:23  Roach  
  66  6:24  Roach  
  66  6:58  Glial Reconstitution  
  66  7:04  Extractor  
  66  7:07  Overlord x2  
  65  7:09  Roach x6  
  77  7:18  Overlord  
  77  7:20  Ravager  
  77  7:22  Queen, Drone x2  
  82  7:30  Drone  
  82  7:34  Queen  
  82  7:35  Drone  
  82  7:36  Drone x2  
  88  7:39  Roach x2  
  92  7:53  Hydralisk Den  
  88  8:00  Drone x5  
  88  8:01  Drone x5  
  95  8:21  Hydralisk  
  95  8:22  Hydralisk x7  
  108  8:27  Drone  
  108  8:32  Overseer  
  108  8:33  Overlord, Overseer  
  108  8:34  Overlord, Hydralisk  
  106  8:35  Hydralisk  
  110  9:01  Hatchery  
  108  9:03  Hydralisk x3  
  114  9:15  Hatchery  
  113  9:17  Muscular Augments  
  113  9:21  Overseer  
  113  9:27  Roach x3, Hydralisk x2  
  123  9:51  Overlord x2  
  123  9:52  Overlord x2  
  123  9:57  Lurker Den  
  122  10:00  Overlord  
  122  10:16  Zergling x24  
  134  10:21  Extractor  
  134  10:22  Drone  
  134  10:23  Extractor  
  133  10:34  Overlord  
  133  10:35  Grooved Spines, Hydralisk  
  133  10:36  Roach x2  
  114  11:07  Roach x6, Hydralisk x4  
  114  11:08  Roach x2  
  135  11:12  Zergling x4  
  135  11:13  Zergling x8  
  141  11:26  Lurker  
  141  11:27  Lurker  
  141  11:31  Lurker  
  141  11:32  Lurker x2  
  146  11:34  Lurker x2  
  146  11:39  Infestation Pit, Drone x4  
  151  11:41  Evolution Chamber  
  151  11:42  Evolution Chamber  
  143  12:05  Pneumatized Carapace  
  143  12:06  Roach x5  
  143  12:07  Roach x2, Zergling x6  
  155  12:22  Lurker  
  152  12:23  Lurker x3  
  152  12:25  Roach  
  152  12:26  Roach x2, Hydralisk, Zergling x2  
  163  12:35  Hydralisk  
  163  12:36  Roach x2  
  169  12:37  Drone x2  
  170  13:00  Roach x4, Hydralisk  
  137  13:24  Hydralisk x7  
  137  13:25  Hydralisk x4  
  152  13:29  Drone  
  147  13:43  Extractor  
  147  13:44  Roach x3, Hydralisk  
  127  13:55  Drone x3  
  118  13:56  Spire, Drone  
  118  13:59  Zerg Missile Weapons Level 1  
  112  14:14  Overlord  
  112  14:16  Zerg Ground Armor Level 1  
  112  14:18  Drone x2, Hive  
  112  14:19  Drone x3  
  117  14:30  Roach x2, Hydralisk x2  
  125  14:33  Lurker x2  
  125  14:46  Queen  
  125  14:47  Queen x2  
  131  14:59  Lurker  
  132  15:08  Roach, Hydralisk x2  
  132  15:09  Roach x3  
  132  15:12  Corruptor  
  132  15:13  Corruptor  
  148  15:39  Roach x6, Hydralisk x4  
  148  15:41  Overlord x2  
  148  15:42  Overlord  
  168  15:53  Corruptor x2  
  168  16:03  Roach x2, Hydralisk x2  
  176  16:16  Hatchery  
  176  16:17  Overlord x2  
  175  16:39  Roach x4, Hydralisk x4  
  169  16:40  Roach  
  165  17:03  Roach x5, Hydralisk x3  
  165  17:04  Roach x2, Hydralisk x3  
  171  17:28  Drone  
  171  17:29  Drone x5  
  166  17:30  Drone x4, Extractor  
  167  17:40  Corruptor  
  167  17:41  Corruptor  
  131  18:02  Roach x3, Hydralisk x3  
  131  18:03  Corruptor x2, Roach  
  139  18:27  Spore Crawler x2  
  139  18:30  Spore Crawler  
Show
View Real Time Build Order
Export as new Build Order

PureIndica Protoss - Winner!

Build Orders: 1 Gate Expand, Oracle Opening 

Get SALT Encoding   

  12  0:01  Probe  
  13  0:13  Probe  
  14  0:18  Pylon  
  14  0:25  Probe  
  15  0:35  Probe  
  15  0:37  Gateway  
  16  0:43  Probe  
  16  0:48  Assimilator  
  17  0:53  Probe  
  18  1:01  Probe  
  19  1:22  Nexus  
  19  1:33  Cybernetics Core  
  19  1:36  Probe  
  20  1:45  Pylon  
  22  1:58  Pylon  
  22  2:00  Adept  
  22  2:01  Probe  
  22  2:14  Warp Gate  
  22  2:15  Assimilator  
  22  2:25  Gateway  
  22  2:26  Adept  
  22  2:27  Probe  
  24  2:34  Probe  
  24  2:35  Probe  
  27  2:45  Probe  
  27  2:47  Shield Battery  
  27  2:49  Probe  
  29  3:01  Stargate  
  29  3:05  Adept  
  29  3:06  Probe  
  29  3:12  Probe  
  31  3:14  Probe  
  32  3:20  Adept  
  32  3:22  Probe  
  32  3:24  Probe  
  36  3:35  Oracle  
  36  3:36  Probe  
  38  3:41  Probe  
  38  3:45  Pylon  
  38  3:48  Probe  
  42  3:53  Probe  
  42  3:55  Pylon  
  43  4:07  Shield Battery  
  41  4:11  Void Ray  
  45  4:26  Stalker  
  45  4:27  Stalker  
  49  4:35  Probe  
  50  4:42  Gateway  
  50  4:45  Gateway  
  50  4:46  Gateway  
  50  4:48  Assimilator  
  50  4:52  Assimilator  
  50  5:02  Stalker  
  50  5:03  Stalker  
  50  5:04  Probe x2  
  56  5:12  Pylon  
  56  5:14  Pylon  
  56  5:15  Probe  
  56  5:16  Probe  
  58  5:23  Probe  
  58  5:24  Probe  
  58  5:26  Pylon  
  60  5:28  Pylon  
  60  5:34  Probe x2  
  60  5:38  Twilight Council  
  60  5:41  Forge  
  62  5:46  Probe  
  62  5:49  Adept x3  
  69  5:57  Probe  
  69  5:58  Probe  
  69  6:02  Stalker x2  
  75  6:11  Charge  
  75  6:14  Probe  
  75  6:18  Dark Shrine  
  74  6:24  Probe  
  75  6:33  Probe  
  75  6:36  Probe, Stalker  
  75  6:37  Stalker  
  81  6:41  Void Ray  
  81  6:42  Protoss Ground Weapons Level 1  
  85  6:51  Probe x2  
  79  7:05  Sentry x2  
  79  7:06  Sentry  
  79  7:07  Nexus  
  85  7:09  Pylon, Stalker x2  
  85  7:12  Probe x2  
  91  7:20  Probe x2  
  91  7:28  Probe  
  93  7:30  Zealot x3  
  93  7:36  Robotics Facility  
  100  7:38  Shield Battery  
  100  7:39  Shield Battery  
  100  7:43  Pylon  
  100  7:52  Dark Templar  
  100  7:57  Pylon  
  102  8:00  Pylon  
  102  8:11  Dark Templar x2  
  102  8:12  Dark Templar  
  108  8:17  Probe  
  108  8:18  Immortal  
  108  8:20  Probe x2  
  108  8:25  Probe  
  115  8:28  Templar Archives  
  115  8:32  Probe x2, Assimilator  
  118  8:35  Probe  
  119  8:44  Probe  
  119  8:45  Protoss Ground Weapons Level 2  
  120  8:51  Probe, Observer  
  120  8:53  Robotics Facility  
  120  8:54  Probe  
  120  8:55  Pylon, Assimilator  
  120  8:57  Pylon  
  120  9:01  Immortal  
  115  9:08  Psionic Storm  
  115  9:09  Zealot x3  
  121  9:10  Zealot x2  
  126  9:23  Pylon  
  126  9:30  Immortal  
  126  9:34  Pylon  
  125  9:42  High Templar x2  
  133  9:49  Probe x2  
  135  10:02  Zealot x3  
  135  10:04  Nexus  
  135  10:06  Pylon  
  141  10:08  Assimilator  
  141  10:10  Immortal  
  141  10:12  Assimilator  
  141  10:17  High Templar x2, Gateway  
  141  10:19  Gateway  
  141  10:21  Gateway  
  149  10:23  Gateway  
  149  10:31  Pylon  
  149  10:33  Probe x2  
  149  10:34  Pylon  
  151  10:37  Photon Cannon  
  151  10:39  Shield Battery  
  151  10:40  Fleet Beacon  
  151  10:42  Stargate  
  151  10:52  Zealot x2  
  151  10:53  Zealot x3  
  154  11:04  Probe  
  154  11:05  Probe  
  154  11:08  Nexus  
  154  11:10  Carrier, Protoss Air Weapons Level 1  
  156  11:12  Protoss Ground Weapons Level 3, Photon Cannon  
  156  11:27  Pylon  
  156  11:30  Pylon  
  156  11:33  Zealot  
  156  11:39  Carrier  
  164  11:42  Dark Templar  
  162  12:05  Stargate  
  162  12:09  Nexus  
  144  12:31  Oracle  
  144  12:35  Pylon  
  147  12:37  Probe x2  
  147  12:38  Assimilator  
  149  12:45  Observer  
  149  12:46  Observer  
  151  13:02  Carrier  
  149  13:12  Assimilator  
  149  13:13  Carrier  
  149  13:16  Pylon  
  149  13:18  Carrier  
  139  13:26  Zealot x4  
  139  13:27  Zealot  
  128  13:51  Observer  
  128  13:55  Zealot x3  
  121  13:56  Zealot  
  124  14:08  Photon Cannon  
  124  14:10  Photon Cannon  
  124  14:11  Photon Cannon  
  124  14:12  High Templar, Photon Cannon  
  124  14:16  Observer  
  127  14:17  Carrier  
  127  14:20  Nexus  
  127  14:22  Protoss Air Weapons Level 2  
  126  14:26  Carrier  
  126  14:28  Photon Cannon  
  132  14:32  Photon Cannon  
  132  14:33  Oracle  
  132  14:35  High Templar x2  
  132  14:36  High Templar x2  
  143  14:52  Protoss Shields Level 1  
  149  15:10  Nexus  
  149  15:12  Pylon  
  152  15:16  Assimilator  
  152  15:18  Carrier  
  152  15:20  Assimilator  
  155  15:32  High Templar  
  155  15:34  Probe x2  
  159  15:48  Photon Cannon x2  
  159  15:49  Photon Cannon  
  165  15:55  High Templar x2  
  169  15:58  Pylon  
  169  16:10  High Templar x2  
  173  16:14  Archon  
  173  16:28  Carrier  
  174  16:48  Fleet Beacon  
  154  17:23  Graviton Catapult  
  154  17:30  Nexus  
  158  18:29  Nexus  
  158  18:31  Pylon  
  158  18:33  Assimilator  
Tags
 
Add a new tag
Caveats
  • Supply blocks, unpowered buildings, or Contaminate may cause inaccurate times.
  • Supply counts are checked every 10 seconds.